 Dungeon Crawl Stone Soup version 0.31-a0-496-g6f97920a28 (webtiles) character file.

Game seed: 5413693337998763191

65 arthad the Trooper (level 4, -2/29 HPs)
             Began as a Gargoyle Fighter on Aug 9, 2023.
             Splashed by a jelly's acid (6 damage)
             ... on level 3 of the Dungeon.
             The game lasted 00:02:23 (1442 turns).

arthad the Trooper (Gargoyle Fighter)               Turns: 1442, Time: 00:02:23

Health: -2/29      AC: 15    Str: 21 (22) XL:     4   Next: 13%
Magic:  0/4        EV:  7    Int:  7 (8)  God:
Gold:   205        SH:  4    Dex:  6 (9)  Spells: 3/3 levels left

rFire   + . .        a - +0 flail
rCold   . . .        c - +0 buckler
rNeg    + . .        e - +2 chain mail {rF+}
rPois   ∞            (no helmet)
rElec   +            (no cloak)
rCorr   .            (no gloves)
SInv    +            (no boots)
Will    .....        n - amulet of Saypy {Spirit SInv} Stlth
                     (no ring)
HPRegen 0.24/turn    (no ring)
MPRegen 0.09/turn

%: guardian spirit
@: no status effects
A: sickness immunity, AC +3, negative energy resistance 1, electricity
resistance, torment resistance 1, petrification resistance
a: no special abilities


You were on level 3 of the Dungeon.
You visited 1 branch of the dungeon, and saw 3 of its levels.

You collected 205 gold pieces.

Inventory:

Hand Weapons
 a - a +0 flail (weapon)
Armour
 b - a +0 scale mail
 c - a +0 buckler (worn)
 e - a +2 chain mail of fire resistance (worn)
Jewellery
 n - the amulet of Saypy (around neck) {Spirit SInv}
   (You found it on level 2 of the Dungeon)

   [amulet of guardian spirit]

   It causes incoming damage to be divided between your reserves of health and
   magic.
   SInv:      It lets you see invisible.
Scrolls
 f - 2 scrolls of amnesia {unknown}
 g - 2 scrolls of enchant armour {unknown}
 h - a scroll of silence {unknown}
 i - a scroll of poison {unknown}
 l - a scroll of revelation {unknown}
 m - a scroll of identify {unknown}
Potions
 d - a potion of might
 j - a potion of degeneration
 k - a potion of attraction {unknown}


   Skills:
 + Level 3.9 Fighting
 + Level 2.7 Maces & Flails
 + Level 3.9 Armour
 + Level 3.9 Shields


You had 3 spell levels left.
You didn't know any spells.
Your spell library was empty.

Dungeon Overview and Level Annotations

Branches:
Dungeon (3/15)

Altars:


Innate Abilities, Weirdness & Mutations

You are immune to sickness and miasma.
Your stone body is resilient. (AC +3)
You are immune to poison.
You resist negative energy. (rN+)
You are resistant to electric shocks. (rElec)
You are resistant to unholy torment.
You are immune to petrification.


Message History

You see here a +0 orcbow.
There is a fountain of clear blue water here.
You now have 205 gold pieces (gained 14).
Done exploring.
Done exploring.
Done exploring.
Done exploring.
You start putting on your amulet.
You continue putting on the amulet of Saypy {Spirit SInv}. x5
You finish putting on the amulet of Saypy {Spirit SInv}.
You feel your power drawn to a protective spirit.
n - the amulet of Saypy (around neck) {Spirit SInv} Done exploring.
There is a stone staircase leading down here.
You climb downwards.
The jelly quivers.
The endoplasm quivers.
Found a stone staircase leading down.
There is a stone staircase leading up here.
There are monsters nearby!
There are monsters nearby!
You hit the jelly.
Your hands burn!
The jelly is lightly wounded.
The jelly hits you.
You are splashed with acid.
You hit the jelly.
Your hands burn!
The jelly is moderately wounded.
The jelly hits you but does no damage.
You hit the jelly.
Your hands burn!
The jelly is heavily wounded.
The jelly hits you.
You are splashed with acid!
* * * LOW HITPOINT WARNING * * *
The jelly hits you but does no damage.
You are too injured to fight recklessly!
Okay, then.
You thump the jelly!
Your hands burn!
* * * LOW HITPOINT WARNING * * *
The jelly is almost dead.
The jelly hits you.
* * * LOW HITPOINT WARNING * * *
You are splashed with acid.
You die...

...# ...
#.. ...
## #.# ..
#.#
#####.#.#
.....JJ@#
......###
#....
>... .#.
#


You could see a jelly and an endoplasm.

Vanquished Creatures
  Terence (D:2)
  2 adders
  A worm (D:2)
  2 bats
  An endoplasm (D:2)
  2 goblins (D:1)
  A quokka (D:1)
  3 ball pythons
  2 frilled lizards (D:2)
  5 kobolds
  A rat (D:1)
21 creatures vanquished.

Notes
Turn   | Place    | Note
-------+----------+-------------------------------------------
     0 | D:1      | arthad the Gargoyle Fighter began the quest for the Orb.
     0 | D:1      | Reached XP level 1. HP: 14/14 MP: 1/1
   201 | D:1      | Reached XP level 2. HP: 7/19 MP: 2/2
   744 | D:2      | Noticed Terence
   905 | D:2      | Reached XP level 3. HP: 16/23 MP: 3/3
   916 | D:2      | Killed Terence
   987 | D:2      | Reached XP level 4. HP: 29/29 MP: 4/4
  1222 | D:2      | Found a faded altar of an unknown god.
  1340 | D:2      | Identified the amulet of Saypy {Spirit SInv}
  1442 | D:3      | Splashed by a jelly's acid

Illustrated notes

Levels and vault maps discovered:
D:1:      dpeg_arrival_water_fire, layout_basic
D:2:      layout_basic, hellmonk_ecumenical_altar_leap_of_faith,
          grunt_decor_mini_mirrors, uniq_terence
D:3:      layout_basic

Action                     |  1- 3 |  4- 6 || total
---------------------------+-------+-------++-------
  Melee: Flail             |    71 |    13 ||    84
    Use: Potion            |     2 |       ||     2
 Armour: Scale mail        |    18 |       ||    18
         Chain mail        |     8 |     8 ||    16
  Dodge: Dodged            |    34 |     2 ||    36
  Block: Buckler           |    13 |       ||    13

Table legend: (Time is in decaauts)
 A = Elapsed time spent in this place.
 B = Non-inter-level travel time spent in this place.
 C = Inter-level travel time spent in this place.
 D = Time resting spent in this place.
 E = Time spent auto-exploring this place.
 F = Levels seen in this place.
 G = Mean time per level.
                   A        B        C        D        E       F      G
               +--------+--------+--------+--------+--------+-----+--------+
         Total |   1468 |   1353 |    115 |      0 |   1132 |   3 |  489.3 |
       Dungeon |   1468 |   1353 |    115 |      0 |   1132 |   3 |  489.3 |
               +--------+--------+--------+--------+--------+-----+--------+

Top non-repeatable levels by time:
     D:1: 827 daAuts
     D:2: 633 daAuts
     D:3: 6 daAuts
